 Dungeon Crawl Stone Soup version 0.23.1-37-gaa34b87 (webtiles) character file.

Game seed: 13337801239953797566

15277 Katskin the Basher (level 11, -8/89 HPs)
             Began as a Green Draconian Berserker on Mar 21, 2019.
             Was a High Priest of Trog.
             Shot with a bolt by a yaktaur captain (32 damage)
             ... on level 15 of the Dungeon.
             The game lasted 00:36:31 (13400 turns).

Katskin the Basher (Green Draconian Berserker)     Turns: 13400, Time: 00:36:34

Health: -8/89      AC: 11    Str: 20    XL:     11   Next: 99%
Magic:  16/16      EV: 18    Int:  7    God:    Trog [*****.]
Gold:   319        SH:  0    Dex: 14    Spells: 10/10 levels left

rFire    + . .     SeeInvis .   K - +8 dire flail (protect)
rCold    x . .     Gourm    +   (shield currently unavailable)
rNeg     . . .     Faith    .   (armour unavailable)
rPois    +         Spirit   .   W - +2 hat
rElec    .         Reflect  .   (no cloak)
rCorr    .         Harm     .   k - +0 pair of gloves
MR       .....                  Q - +0 pair of boots
Stlth    ..........             G - amulet of the gourmand
HPRegen  0.24/turn              i - ring of attention (curse)
MPRegen  0.15/turn              s - ring of fire

@: no status effects
A: breathe noxious fumes, unfitting armour, frail 1, mutation resistance 1,
poison resistance, cold-blooded, AC +7
a: Breathe Noxious Fumes, Berserk, Trog's Hand, Brothers in Arms, Renounce
Religion


You were on level 15 of the Dungeon.
You worshipped Trog.
Trog was extremely pleased with you.
You were completely stuffed.

You visited 1 branch of the dungeon, and saw 13 of its levels.

You collected 575 gold pieces.
You spent 256 gold pieces at shops.

Inventory:

Hand Weapons
 m - a +2 whip of draining
 u - a +0 trident
 y - a cursed -2 hunting sling
 K - a +8 dire flail of protection (weapon)
 M - a +0 morningstar
 R - a +0 whip of holy wrath
 T - a +1 antimagic morningstar
Missiles
 d - 346 stones
 H - 3 tomahawks (quivered)
 J - 2 throwing nets
Armour
 k - a +0 pair of gloves (worn)
 Q - a +0 pair of boots (worn)
 W - a +2 hat (worn)
Magical Staves
 I - an uncursed staff of air {unknown}
 V - an uncursed staff of cold
Jewellery
 i - a cursed ring of attention (left hand)
 s - a ring of fire (right hand)
 D - an uncursed ring of flight
 G - an amulet of the gourmand (around neck)
 O - an uncursed ring of positive energy
Wands
 e - a wand of iceblast (9)
 n - a wand of acid (17)
 F - a wand of disintegration (14)
 X - a wand of polymorph (10)
Scrolls
 c - 3 scrolls of teleportation
 f - a scroll of remove curse {unknown}
 g - 3 scrolls of blinking
 h - a scroll of noise
 l - 3 scrolls of fog
 p - a scroll of immolation {unknown}
 z - 2 scrolls of vulnerability {unknown}
 A - 2 scrolls of magic mapping {unknown}
 C - 2 scrolls of enchant armour {unknown}
 L - 2 scrolls of enchant weapon {unknown}
 N - a scroll of brand weapon {unknown}
 P - a scroll of fear {unknown}
 S - a scroll of random uselessness {unknown}
Potions
 a - a potion of resistance {unknown}
 j - 3 potions of cancellation
 o - 5 potions of curing
 q - 2 potions of brilliance
 r - a potion of magic {unknown}
 t - 2 potions of might
 v - a potion of berserk rage {unknown}
 w - a potion of lignification {unknown}
 x - a potion of invisibility {unknown}
 B - 2 potions of agility
 E - 5 potions of heal wounds
Comestibles
 b - 27 rations


   Skills:
 + Level 9.9 Fighting
 + Level 13.0 Maces & Flails
 * Level 2.1 Throwing
 + Level 9.0 Dodging
 - Level 7.0 Evocations


You had 10 spell levels left.
You didn't know any spells.
Your spell library was empty.

Dungeon Overview and Level Annotations

Branches:
Dungeon (12/15)            Temple (0/1) D:4            Lair (0/6) D:10
    Orc (0/2) D:12         Depths (0/5) D:15

Altars:
Dithmenos
Elyvilon
Gozag
Hepliaklqana
Kikubaaqudgha
Okawaru
Sif Muna
Xom
Yredelemnul
Zin

Shops:
D:8 =   D:11 [(

Annotations:
D:7 exclusion: door
D:9 2 transporters


Innate Abilities, Weirdness & Mutations

You can breathe blasts of noxious fumes.
Your lurid green scales are hard. (AC +7)
You cannot fit into any form of body armour.
Your system is resistant to poisons. (rPois)
You are cold-blooded and may be slowed by cold attacks.
You are frail. (-10% HP)
You are somewhat resistant to further mutation.


Message History

Found a scroll labeled SIETWI BETUIK and 14 bolts.
A wind drake comes into view.
As you read the scroll of teleportation, it crumbles to dust.
You feel strangely unstable.
The wind drake hisses angrily.
A cyclops comes into view.
The cyclops shouts!
The wind drake flaps its wings at you. The air twists around and strikes you!
The cyclops throws a large rock.
The large rock hits you!!!
* * * LOW HITPOINT WARNING * * *
Found a curved lead wand.
You see here a large rock.
A floating eye comes into view.
Your surroundings suddenly seem different.
A yaktaur captain comes into view.
The yaktaur captain shouts!
The yaktaur captain wields a cursed +0 arbalest.
The yaktaur captain shoots a bolt.
The bolt hits you!!
You die...

......#+
.....##
.#+###
## + #
#+# ..##
##.c.+
#@...#
#>$..#
######


You could see a yaktaur captain.

Vanquished Creatures
  3 two-headed ogres (D:11)
  2 unseen horrors
  A manticore (D:12)
  3 ugly things
  A cyclops (D:12)
  2 centaur skeletons
  A merfolk (D:11)
  Prince Ribbit (D:6)
  3 hippogriffs
  Grinder (D:4)
  3 slime creatures
  Sigmund (D:6)
  A wyvern (D:10)
  6 yaks (D:9)
  A basilisk (D:11)
  Grum (D:9)
  Eustachio (D:3)
  A hungry ghost (D:12)
  Duvessa (D:4)
  2 water moccasins
  4 orc warriors
  2 ice beasts
  A black bear (D:9)
  6 sky beasts
  An eye of draining (D:12)
  2 ogres
  2 wolves (D:9)
  10 centaurs
  A crocodile (D:10)
  7 bullfrogs
  Blork the orc (D:6)
  A big kobold (D:10)
  2 gnoll sergeants
  Dowan (D:4)
  2 scorpions
  9 killer bees (D:10)
  7 howler monkeys
  11 crimson imps
  2 bullfrog zombies
  7 hounds
  2 jellies
  10 orc priests
  3 bullfrog skeletons
  19 orc wizards
  4 iguanas
  6 worker ants
  A hound zombie (D:6)
  3 hound skeletons
  12 gnolls
  9 adders
  A shadow imp (D:11)
  An ooze (D:1)
  An adder skeleton (D:8)
  2 worms
  5 dart slugs
  3 leopard geckos
  61 orcs
  6 bats
  8 giant cockroaches
  2 gnoll zombies (D:7)
  7 goblins
  7 hobgoblins
  14 jackals
  10 kobolds
  9 quokkas
  5 ball pythons
  4 frilled lizards
  2 leopard gecko skeletons
  19 rats
351 creatures vanquished.

Vanquished Creatures (collateral kills)
  A jackal (D:4)
1 creature vanquished.

Grand Total: 352 creatures vanquished

Notes
Turn   | Place    | Note
-------+----------+-------------------------------------------
     0 | D:1      | Katskin the Draconian Berserker began the quest for the
                  | Orb.
     0 | D:1      | Reached XP level 1. HP: 19/19 MP: 1/1
    80 | D:1      | Reached XP level 2. HP: 26/26 MP: 2/2
   465 | D:1      | Reached ** piety under Trog
   545 | D:1      | Reached XP level 3. HP: 24/33 MP: 3/3
  1886 | D:3      | Reached skill level 4 in Maces & Flails
  1933 | D:3      | Found a shadowy altar of Dithmenos.
  1987 | D:3      | Reached XP level 4. HP: 40/40 MP: 4/4
  2264 | D:3      | Reached XP level 5. HP: 37/46 MP: 5/5
  2370 | D:3      | Reached *** piety under Trog
  2699 | D:4      | Noticed Duvessa
  2699 | D:4      | Noticed Dowan
  2701 | D:4      | Noticed Eustachio
  2731 | D:3      | Killed Eustachio
  2731 | D:3      | Reached skill level 5 in Maces & Flails
  2731 | D:3      | Reached XP level 6. HP: 12/53 MP: 6/6
  2994 | D:4      | Killed Duvessa
  2997 | D:4      | Killed Dowan
  3052 | D:4      | Reached skill level 6 in Maces & Flails
  3132 | D:4      | Your scales start taking on a lurid green colour.
  3132 | D:4      | Reached XP level 7. HP: 60/60 MP: 7/7
  3132 | D:4      | Gained mutation: Your system is resistant to poisons.
                  | (rPois) [Green Draconian growth]
  3155 | D:4      | Noticed Grinder
  3163 | D:4      | Killed Grinder
  3163 | D:4      | Reached skill level 5 in Fighting
  3533 | D:4      | Reached skill level 7 in Maces & Flails
  3634 | D:4      | Found an iron altar of Okawaru.
  3786 | D:4      | Found a staircase to the Ecumenical Temple.
  4316 | D:5      | Entered Level 5 of the Dungeon
  4324 | D:5      | Reached skill level 5 in Dodging
  4595 | D:5      | Reached XP level 8. HP: 66/68 MP: 8/8
  4898 | D:5      | Reached **** piety under Trog
  5256 | D:6      | Reached skill level 8 in Maces & Flails
  5334 | D:6      | Noticed Sigmund
  5343 | D:6      | Killed Sigmund
  5343 | D:6      | Reached skill level 1 in Evocations
  5352 | D:6      | Noticed Prince Ribbit
  5401 | D:6      | Killed Prince Ribbit
  5625 | D:6      | Noticed Blork the orc
  5636 | D:6      | Killed Blork the orc
  5913 | D:7      | Reached XP level 9. HP: 75/75 MP: 10/10
  6054 | D:7      | Reached skill level 9 in Maces & Flails
  6380 | D:7      | Gained mutation: You are dopey. (Int -2) [potion of
                  | mutation]
  6380 | D:7      | Gained mutation: You are frail. (-10% HP) [potion of
                  | mutation]
  6380 | D:7      | Gained mutation: Your body sometimes deteriorates upon
                  | taking damage. [potion of mutation]
  6380 | D:7      | Gained mutation: Your muscles are strong. (Str +2) [potion
                  | of mutation]
  6381 | D:7      | Lost mutation: You are dopey. (Int -2) [potion of mutation]
  6381 | D:7      | Lost mutation: Your muscles are strong. (Str +2) [potion of
                  | mutation]
  6381 | D:7      | Gained mutation: Scrolls take you a little longer to read.
                  | [potion of mutation]
  6381 | D:7      | Gained mutation: You expend magic power (3 MP) to
                  | strengthen your wands. [potion of mutation]
  6382 | D:7      | Lost mutation: Scrolls take you a little longer to read.
                  | [potion of mutation]
  6382 | D:7      | Lost mutation: You expend magic power (3 MP) to strengthen
                  | your wands. [potion of mutation]
  6382 | D:7      | Gained mutation: You tend to lose your temper in combat.
                  | [potion of mutation]
  6382 | D:7      | Gained mutation: You are clumsy. (Dex -2) [potion of
                  | mutation]
  6382 | D:7      | Gained mutation: You are somewhat resistant to further
                  | mutation. [potion of mutation]
  6383 | D:7      | Lost mutation: You are clumsy. (Dex -2) [potion of
                  | mutation]
  6383 | D:7      | Lost mutation: Your body sometimes deteriorates upon taking
                  | damage. [potion of mutation]
  6383 | D:7      | Gained mutation: Your large and strong wings let you fly
                  | indefinitely. [potion of mutation]
  6668 | D:7      | Reached ***** piety under Trog
  6865 | D:7      | Found a shadowy altar of Dithmenos.
  6867 | D:7      | Found an iron altar of Okawaru.
  6867 | D:7      | Found a hazy altar of Hepliaklqana.
  6869 | D:7      | Found a glowing silver altar of Zin.
  6869 | D:7      | Found a deep blue altar of Sif Muna.
  6869 | D:7      | Found a shimmering altar of Xom.
  7224 | D:7      | Found a basalt altar of Yredelemnul.
  7541 | D:8      | Reached skill level 10 in Maces & Flails
  7549 | D:8      | Found Kubithoy's Jewellery Shop.
  8289 | D:9      | Reached XP level 10. HP: 49/77 MP: 13/13
  8602 | D:9      | Found a white marble altar of Elyvilon.
  8646 | D:9      | Found a glowing silver altar of Zin.
  8734 | D:9      | Reached skill level 5 in Evocations
  8920 | D:9      | Found a shimmering altar of Xom.
  8923 | D:9      | Found an opulent altar of Gozag.
  8964 | D:9      | Found an ancient bone altar of Kikubaaqudgha.
  8965 | D:9      | Found a transporter.
  8971 | D:9      | Found a transporter.
  9031 | D:9      | Noticed Grum
  9056 | D:9      | Reached skill level 11 in Maces & Flails
  9063 | D:9      | Killed Grum
  9195 | D:9      | Received a gift from Trog
  9247 | D:9      | Found a hazy altar of Hepliaklqana.
  9482 | D:10     | Entered Level 10 of the Dungeon
  9699 | D:10     | Found a staircase to the Lair.
 10405 | D:10     | Killed an unseen horror
 10620 | D:10     | Reached XP level 11. HP: 80/85 MP: 15/15
 11038 | D:11     | Killed an unseen horror
 11212 | D:11     | Found Kuejeqee's Antique Weapon Shop.
 11237 | D:11     | Noticed a two-headed ogre
 11239 | D:11     | Noticed a two-headed ogre
 11246 | D:11     | Killed a two-headed ogre
 11248 | D:11     | Reached skill level 12 in Maces & Flails
 11251 | D:11     | Killed a two-headed ogre
 11264 | D:11     | Noticed a red ugly thing
 11279 | D:11     | Noticed a purple ugly thing
 11280 | D:11     | Killed a white ugly thing
 11280 | D:11     | Received a gift from Trog
 11293 | D:11     | Killed a green ugly thing
 11571 | D:11     | Lost mutation: Your large and strong wings let you fly
                  | indefinitely. [potion of mutation]
 11571 | D:11     | Lost mutation: You tend to lose your temper in combat.
                  | [potion of mutation]
 11575 | D:11     | Noticed a two-headed ogre
 11584 | D:11     | Killed a two-headed ogre
 11700 | D:11     | Found Nomnorank's Armour Emporium.
 12406 | D:11     | Reached skill level 1 in Throwing
 12428 | D:12     | Found a staircase to the Orcish Mines.
 12542 | D:11     | Bought a +2 hat for 256 gold pieces
 12911 | D:12     | Noticed a purple ugly thing
 12916 | D:12     | Killed a purple ugly thing
 13036 | D:12     | Reached skill level 13 in Maces & Flails
 13383 | D:12     | You fall through a shaft for 3 floors!
 13383 | D:15     | Entered Level 15 of the Dungeon
 13388 | D:15     | Noticed a skeletal warrior
 13388 | D:15     | Noticed a skeletal warrior
 13388 | D:15     | Noticed a skeletal warrior
 13388 | D:15     | Noticed a centaur warrior
 13394 | D:15     | Noticed a vault guard
 13394 | D:15     | Noticed a skeletal warrior
 13398 | D:15     | Noticed a deep troll earth mage
 13400 | D:15     | Found a staircase to the Depths.
 13400 | D:15     | Noticed a yaktaur captain
 13400 | D:15     | Shot with a bolt by a yaktaur captain

Skill      XL: |  1  2  3  4  5  6  7  8  9 10 11 |
---------------+----------------------------------+-----
Dodging        | 3 4 5 6 7 8 9 |  9.0
Maces & Flails | 4 5 6 7 8 10 11 13 | 13.0
Fighting       | 4 5 6 7 8 9 |  9.9
Evocations     | 2 4 6 7 |  7.0
Throwing       | 2 |  2.1

Action                   |  1- 3 |  4- 6 |  7- 9 | 10-12 || total
-------------------------+-------+-------+-------+-------++-------
Melee: Mace              |    64 |       |       |       ||    64
       Tailslap          |    10 |    13 |    60 |    90 ||   173
       Whip              |    52 |   110 |   466 |   201 ||   829
       Dire flail        |       |       |       |   275 ||   275
Throw: Tomahawk          |       |       |       |     3 ||     3
Invok: Berserk           |       |     2 |     2 |     3 ||     7
       Trog's Hand       |       |     1 |     1 |     3 ||     5
 Abil: Breathe Noxious F |       |       |    13 |    15 ||    28
       Fly               |       |       |     1 |       ||     1
  Use: Scroll            |       |       |    10 |     6 ||    16
       Potion            |       |       |     4 |     1 ||     5
 Stab: Sleeping          |     1 |       |       |       ||     1
       Confused          |       |       |    11 |    25 ||    36
       Distracted        |       |       |       |     1 ||     1
  Eat: Chunk             |     3 |     6 |    34 |    27 ||    70
Armor: Skin              |    32 |    21 |    81 |   117 ||   251
Dodge: Dodged            |    62 |    66 |   232 |   283 ||   643
